 Dungeon Crawl Stone Soup version 0.31-a0-167-g1c394c0614 (webtiles) character file.

Game seed: 16101090249321139925

1038 qw the Shooter (level 8, -1/73 HPs)
             Began as a Naga Hunter on June 14, 2023.
             Was an Initiate of Okawaru.
             Slain by a lemure (4 damage)
             ... led by Pikel
             ... on level 5 of the Dungeon.
             The game lasted 00:02:08 (4042 turns).

qw the Shooter (Naga Hunter)                        Turns: 4042, Time: 00:02:09

Health: -1/73      AC:  6    Str: 13    XL:     8   Next: 24%
Magic:  8/8        EV: 11    Int:  9    God:    Okawaru [......]
Gold:   73         SH:  0    Dex: 24    Spells: 7/7 levels left

rFire   . . .        Y - +0 shortbow
rCold   . . .        (shield currently unavailable)
rNeg    . . .        c - +0 leather armour
rPois   +            q - +0 helmet
rElec   .            (no cloak)
rCorr   .            k - +0 pair of gloves
SInv    +            (no barding)
Will    +....        (no amulet)
Stlth   ++           j - +6 ring of dexterity
HPRegen 0.32/turn    (no ring)
MPRegen 0.11/turn

%: no passive effects
@: about to teleport, short of breath, very slow
A: AC +2, large, see invisible, deformed body, poison resistance, slowness 2,
spit poison 1, naga tail 1
a: Spit Poison, Renounce Religion


You were on level 5 of the Dungeon.
You worshipped Okawaru.
Okawaru was noncommittal.
You visited 2 branches of the dungeon, and saw 6 of its levels.

You collected 167 gold pieces.
You spent 94 gold pieces at shops.


Innate Abilities, Weirdness & Mutations

Your serpentine skin is tough. (AC +2)
You have supernaturally acute eyesight. (SInv)
Armour fits poorly on your strangely shaped body.
Your system is resistant to poisons. (rPois)
You cover ground very slowly.
You can spit poison.
You have a snake-like lower body.


   Skills:
 - Level 4.6 Fighting
 - Level 7.9 Ranged Weapons
 + Level 0.0 Armour
 - Level 3.1 Dodging
 - Level 1.5 Stealth


You had 7 spell levels left.
You didn't know any spells.
Your spell library was empty.

Inventory:

Hand Weapons
 Y - a +0 shortbow (weapon)
Armour
 c - a +0 leather armour (worn)
 k - a +0 pair of gloves (worn)
 q - a +0 helmet (worn)
Jewellery
 i - a ring of ice
 j - a +6 ring of dexterity (left hand)
Scrolls
 e - a scroll of identify
 l - 2 scrolls of teleportation
Potions
 a - a potion of heal wounds {unknown}
 d - a potion of haste
 f - a potion of curing
 g - a potion of enlightenment {unknown}
 h - a potion of attraction {unknown}
 m - a potion of lignification {unknown}
 n - a potion of brilliance {unknown}
 p - a potion of degeneration {unknown}

Dungeon Overview and Level Annotations

Branches:
Dungeon (5/15)             Temple (1/1) D:4

Altars:
Ashenzari
Cheibriados
Elyvilon
Fedhas
Gozag
Hepliaklqana
Kikubaaqudgha
Makhleb
Nemelex Xobeh
Okawaru
Qazlal
Sif Muna
Uskayaw
Vehumet
Wu Jian
Xom
Zin
The Shining One

Shops:
D:1 ?   D:4 [   D:5 *

Annotations:
D:5 Pikel


Message History

Pikel hits you with a +0 whip of freezing.
Pikel freezes you. The lemure hits you but does no damage.
You shoot an arrow. The arrow hits Pikel!
Pikel is moderately wounded.
Pikel hits you with a +0 whip of freezing.
Pikel freezes you.
You shoot an arrow. The arrow barely misses Pikel.
Pikel barely misses you. The lemure completely misses you. The lemure hits you.
You shoot an arrow. The arrow hits Pikel.
Pikel is heavily wounded.
Pikel hits you with a +0 whip of freezing.
Pikel freezes you. The lemure hits you. The lemure hits you but does no damage.
You shoot an arrow. The arrow barely misses Pikel.
The arrow completely misses the orc.
Pikel hits you with a +0 whip of freezing.
Pikel freezes you. The lemure hits you! The lemure hits you but does no damage.
You shoot an arrow.
The arrow hits Pikel but does no damage.
Pikel is heavily wounded.
Pikel barely misses you. The lemure hits you. x2
You shoot an arrow. The arrow barely misses Pikel.
The arrow hits the orc.
The orc is almost dead.
You have got your breath back.
Pikel hits you with a +0 whip of freezing.
Pikel freezes you. The lemure closely misses you.
A lemure comes into view.
The lemure hits you.
4041 ||| READING 3 scrolls of teleportation.
As you read the scroll of teleportation, it crumbles to dust.
You feel strangely unstable.
Pikel hits you with a +0 whip of freezing.
Pikel freezes you. The lemure hits you. The lemure closely misses you.
4042 ||| INVOKING Spit Poison.
Aiming: Spit Poison (1% risk of failure)
Press: ? - help, Shift-Dir - straight line, f/p - Pikel The splash of poison hits Pikel but does no damage.
Pikel looks even sicker.
Pikel is heavily wounded.
The lemure hits you. Pikel closely misses you. The lemure hits you.
You die...

.. .# .###.
.....### ......#
#..##.# #.o##.#
#5K##.# #5@##<#
.. #.5##.###
....###..##...###
#......##.#...#
#.###.###...#.#
#.##8.>.8.#
#.........#
#.##8.\.8##
#.###...##


You could see Pikel (very poisoned), 3 lemures and an orc.

Vanquished Creatures
  Grinder (D:4)
  A sky beast (D:4)
  An ogre (D:4)
  3 phantoms (D:4)
  A lemure (D:5)
  3 hounds
  An iguana (D:4)
  3 scorpion zombies (D:4)
  Terence (D:3)
  2 orc wizards (D:3)
  5 adders
  6 adder zombies (D:4)
  3 dart slugs
  3 orcs (D:3)
  2 bats
  11 endoplasms
  7 giant cockroaches
  5 goblins
  11 hobgoblins
  8 jackals
  7 quokkas
  8 ball pythons
  3 frilled lizards (D:1)
  7 kobolds
  A quokka zombie (D:4)
  10 rats
114 creatures vanquished.

Notes
Turn   | Place    | Note
-------+----------+-------------------------------------------
     0 | D:1      | qw the Naga Hunter began the quest for the Orb.
     0 | D:1      | Reached XP level 1. HP: 19/19 MP: 1/1
     0 | D:1      | 0 ||| qw: Version: 0.2-a-29-g1fa15c8
     0 | D:1      | 0 ||| qw: Game counter: 4910
     0 | D:1      | 0 ||| qw: Always use a shield: true
     0 | D:1      | 0 ||| qw: God list: Okawaru
     0 | D:1      | 0 ||| qw: Allow faded altars: false
     0 | D:1      | 0 ||| qw: Do Orc after D:15 true
     0 | D:1      | 0 ||| qw: Do second Lair branch before Depths: true
     0 | D:1      | 0 ||| qw: Lair rune preference: random
     0 | D:1      | 0 ||| qw: Plans: Normal
     0 | D:1      | 0 ||| PLANNING D:1-11
    46 | D:1      | 46 ||| INVOKING Spit Poison.
    73 | D:1      | 73 ||| INVOKING Spit Poison.
    89 | D:1      | 89 ||| INVOKING Spit Poison.
    90 | D:1      | Reached skill level 4 in Ranged Weapons
    90 | D:1      | Reached XP level 2. HP: 23/26 MP: 2/2
   129 | D:1      | 129 ||| FLEEEEING.
   130 | D:1      | 130 ||| FLEEEEING.
   131 | D:1      | 131 ||| FLEEEEING.
   147 | D:1      | 147 ||| INVOKING Spit Poison.
   168 | D:1      | 168 ||| INVOKING Spit Poison.
   243 | D:1      | 243 ||| INVOKING Spit Poison.
   249 | D:1      | 249 ||| INVOKING Spit Poison.
   255 | D:1      | 255 ||| INVOKING Spit Poison.
   257 | D:1      | Reached XP level 3. HP: 17/32 MP: 3/3
   327 | D:1      | 327 ||| INVOKING Spit Poison.
   335 | D:1      | 335 ||| INVOKING Spit Poison.
   340 | D:1      | 340 ||| INVOKING Spit Poison.
   344 | D:1      | 344 ||| INVOKING Spit Poison.
   369 | D:1      | 369 ||| INVOKING Spit Poison.
   411 | D:1      | 411 ||| INVOKING Spit Poison.
   417 | D:1      | 417 ||| INVOKING Spit Poison.
   423 | D:1      | 423 ||| INVOKING Spit Poison.
   569 | D:1      | 569 ||| INVOKING Spit Poison.
   578 | D:1      | 578 ||| INVOKING Spit Poison.
   588 | D:1      | 588 ||| INVOKING Spit Poison.
   630 | D:1      | 630 ||| INVOKING Spit Poison.
   635 | D:1      | 635 ||| INVOKING Spit Poison.
   644 | D:1      | 644 ||| INVOKING Spit Poison.
   655 | D:1      | Found The Oracle's Delphic Readings.
   661 | D:1      | 661 ||| SHOPLISTING scroll of enchant armour (82 gold, have
                  | 46).
   696 | D:1      | 696 ||| INVOKING Spit Poison.
   910 | D:1      | 910 ||| INVOKING Spit Poison.
   942 | D:1      | 942 ||| INVOKING Spit Poison.
   966 | D:1      | 966 ||| READING scroll labelled UPPEILLUSI.
  1023 | D:1      | 1023 ||| READING 3 scrolls labelled BUOGAA UC ONGO.
  1024 | D:1      | 1024 ||| READING 2 scrolls of identify.
  1024 | D:1      | 1024 ||| IDENTIFYING fuming ruby potion
  1025 | D:1      | 1025 ||| DROPPING scroll of butterflies.
  1033 | D:2      | 1033 ||| INVOKING Spit Poison.
  1049 | D:2      | Reached skill level 5 in Ranged Weapons
  1049 | D:2      | Reached XP level 4. HP: 36/39 MP: 4/4
  1132 | D:2      | 1132 ||| INVOKING Spit Poison.
  1135 | D:2      | Found a hide-covered altar of Uskayaw.
  1145 | D:2      | 1145 ||| INVOKING Spit Poison.
  1148 | D:2      | 1148 ||| INVOKING Spit Poison.
  1179 | D:2      | 1179 ||| INVOKING Spit Poison.
  1186 | D:2      | 1186 ||| INVOKING Spit Poison.
  1192 | D:2      | 1192 ||| INVOKING Spit Poison.
  1385 | D:2      | 1385 ||| INVOKING Spit Poison.
  1440 | D:2      | 1440 ||| INVOKING Spit Poison.
  1500 | D:2      | Found a faded altar of an unknown god.
  1528 | D:2      | 1528 ||| UPGRADING to +1 hat.
  1533 | D:2      | 1533 ||| DROPPING scarf of invisibility.
  1534 | D:2      | 1534 ||| READING scroll labelled ECRO OXTAAN.
  1535 | D:2      | 1535 ||| READING scroll labelled QIEHAL EFIANIZ.
  1536 | D:2      | 1536 ||| READING 2 scrolls of identify.
  1536 | D:2      | 1536 ||| IDENTIFYING yellow potion
  1549 | D:3      | 1549 ||| INVOKING Spit Poison.
  1571 | D:3      | 1571 ||| INVOKING Spit Poison.
  1594 | D:3      | 1594 ||| INVOKING Spit Poison.
  1597 | D:3      | 1597 ||| INVOKING Spit Poison.
  1611 | D:3      | 1611 ||| INVOKING Spit Poison.
  1616 | D:3      | 1616 ||| INVOKING Spit Poison.
  1621 | D:3      | 1621 ||| INVOKING Spit Poison.
  1654 | D:3      | 1654 ||| INVOKING Spit Poison.
  1667 | D:3      | 1667 ||| INVOKING Spit Poison.
  1706 | D:3      | 1706 ||| INVOKING Spit Poison.
  1747 | D:3      | 1747 ||| INVOKING Spit Poison.
  1768 | D:3      | Reached skill level 3 in Fighting
  1770 | D:3      | 1770 ||| INVOKING Spit Poison.
  1774 | D:3      | Reached XP level 5. HP: 45/49 MP: 5/5
  1776 | D:3      | 1776 ||| INVOKING Spit Poison.
  1861 | D:3      | 1861 ||| INVOKING Spit Poison.
  1864 | D:3      | 1864 ||| INVOKING Spit Poison.
  1864 | D:3      | Noticed Terence
  1869 | D:3      | 1869 ||| INVOKING Spit Poison.
  1874 | D:3      | 1874 ||| INVOKING Spit Poison.
  1879 | D:3      | 1879 ||| INVOKING Spit Poison.
  1880 | D:3      | Killed Terence
  2100 | D:3      | 2100 ||| UPGRADING to +0 pair of gloves.
  2105 | D:3      | 2105 ||| UPGRADING to +6 ring of dexterity.
  2106 | D:3      | 2106 ||| READING scroll labelled GISHEE KOMIE.
  2131 | D:4      | 2131 ||| INVOKING Spit Poison.
  2136 | D:4      | 2136 ||| INVOKING Spit Poison.
  2171 | D:4      | 2171 ||| INVOKING Spit Poison.
  2177 | D:4      | 2177 ||| INVOKING Spit Poison.
  2178 | D:4      | Reached XP level 6. HP: 43/56 MP: 6/6
  2225 | D:4      | 2225 ||| INVOKING Spit Poison.
  2227 | D:4      | Reached skill level 6 in Ranged Weapons
  2324 | D:4      | 2324 ||| INVOKING Spit Poison.
  2391 | D:4      | 2391 ||| INVOKING Spit Poison.
  2395 | D:4      | 2395 ||| INVOKING Spit Poison.
  2435 | D:4      | 2435 ||| INVOKING Spit Poison.
  2441 | D:4      | 2441 ||| INVOKING Spit Poison.
  2443 | D:4      | Reached XP level 7. HP: 55/66 MP: 7/7
  2627 | D:4      | Reached skill level 7 in Ranged Weapons
  2752 | D:4      | 2752 ||| INVOKING Spit Poison.
  2838 | D:4      | Noticed Grinder
  2844 | D:4      | Paralysed by Grinder for 2 turns
  2855 | D:4      | Killed Grinder
  2856 | D:4      | Reached XP level 8. HP: 30/73 MP: 8/8
  3005 | D:4      | 3005 ||| INVOKING Spit Poison.
  3015 | D:4      | 3015 ||| INVOKING Spit Poison.
  3018 | D:4      | 3018 ||| INVOKING Spit Poison.
  3087 | D:4      | 3087 ||| INVOKING Spit Poison.
  3093 | D:4      | 3093 ||| INVOKING Spit Poison.
  3100 | D:4      | 3100 ||| INVOKING Spit Poison.
  3105 | D:4      | Reached skill level 3 in Dodging
  3231 | D:4      | 3231 ||| INVOKING Spit Poison.
  3263 | D:4      | Found Bukkoin's Antique Armour Shoppe.
  3271 | D:4      | 3271 ||| SHOPLISTING crude ring mail (189 gold, have 167).
  3271 | D:4      | 3271 ||| BUYING helmet (94 gold).
  3271 | D:4      | Bought a helmet for 94 gold pieces
  3388 | D:4      | 3388 ||| INVOKING Spit Poison.
  3391 | D:4      | 3391 ||| INVOKING Spit Poison.
  3394 | D:4      | 3394 ||| INVOKING Spit Poison.
  3396 | D:4      | Found a staircase to the Ecumenical Temple.
  3397 | D:4      | 3397 ||| PLANNING TEMPLE
  3397 | D:4      | 3397 ||| UPGRADING to +0 helmet.
  3407 | D:4      | 3407 ||| DROPPING +1 hat.
  3408 | D:4      | 3408 ||| READING 4 scrolls labelled RUUFUE PATZUL.
  3413 | D:4      | 3413 ||| READING scroll labelled SADICE FAILAE.
  3488 | Temple   | Entered the Ecumenical Temple
  3525 | Temple   | 3525 ||| PLANNING OKAWARU WORSHIP
  3802 | Temple   | Became a worshipper of Warmaster Okawaru
  3803 | Temple   | 3803 ||| PLANNING D:1-11
  3997 | D:5      | Entered Level 5 of the Dungeon
  3997 | D:5      | Found Mohust's Assorted Antiques.
  4005 | D:5      | 4005 ||| SHOPLISTING 3 scrolls of identify (162 gold, have
                  | 73).
  4005 | D:5      | 4005 ||| SHOPLISTING encrusted diamond ring (135 gold, have
                  | 73).
  4005 | D:5      | 4005 ||| SHOPLISTING glowing ring mail (189 gold, have 73).
  4020 | D:5      | 4020 ||| INVOKING Spit Poison.
  4021 | D:5      | 4021 ||| INVOKING Spit Poison.
  4022 | D:5      | Noticed Pikel
  4027 | D:5      | 4027 ||| INVOKING Spit Poison.
  4030 | D:5      | 4030 ||| INVOKING Spit Poison.
  4034 | D:5      | 4034 ||| INVOKING Spit Poison.
  4040 | D:5      | HP: 16/73 [lemure[Pikel] (3)]
  4041 | D:5      | 4041 ||| READING 3 scrolls of teleportation.
  4041 | D:5      | HP: 7/73 [lemure[Pikel] (5)]
  4042 | D:5      | 4042 ||| INVOKING Spit Poison.
  4042 | D:5      | HP: 3/73 [lemure[Pikel] (4)]
  4042 | D:5      | Slain by a lemure

Levels and vault maps discovered:
D:1:      dpeg_arrival_arbitrary_b, layout_basic, nicolae_nh_oracle_at_delphi
D:2:      layout_rooms, dreamdust_ecumenical_altar_hidden_monk_grotto,
          basic_altar, corexii_item_surrounded_by_moat, item_on_display_a
D:3:      layout_rooms, uniq_terence
D:4:      layout_loops_ring, temple_hall, serial_shops, shop, serial_undead,
          serial_undead_c, serial_undead_f, serial_undead_d, serial_undead_a,
          serial_undead_e, serial_undead_b, uniq_grinder
D:5:      layout_loops_ring, serial_shops, nicolae_stop_n_shop_2,
          nicolae_diamond_shop, nicolae_shop_advertising_works
          [nicolae_subvault_shop_adworks], nicolae_stop_n_shop_2, shop,
          uniq_pikel
Temple:   hc_temple_tempest_star

Skill      XL: |  1  2  3  4  5  6  7  8 |
---------------+-------------------------+-----
Ranged Weapons | 4 5 6 7 |  7.9
Fighting       | 3 4 |  4.6
Dodging        | 2 3 |  3.1
Stealth        | |  1.5

Action                     |  1- 3 |  4- 6 |  7- 9 || total
---------------------------+-------+-------+-------++-------
   Fire: Shortbow          |    71 |   136 |   123 ||   330
Ability: Spit Poison       |    26 |    36 |    16 ||    78
    Use: Scroll            |     3 |     4 |     3 ||    10
 Armour: Leather armour    |     6 |    24 |    22 ||    52
  Dodge: Dodged            |    23 |    39 |    37 ||    99

Table legend:
 A = Non-vault XP
 B = Vault XP
 C = Vault XP percentage of total XP
 D = Non-vault monster count
 E = Vault monster count
 F = Vault count percentage of total count
                 A         B        C        D         E       F
            +---------+---------+-------+---------+---------+-------
      Total |     700 |     783 |  52.8 |      96 |      17 |  15.0
            +---------+---------+-------+---------+---------+-------
        D:1 |      73 |       2 |   2.7 |      40 |       2 |   4.8
        D:2 |      28 |       0 |   0.0 |      16 |       0 |   0.0
        D:3 |     159 |      36 |  18.5 |      21 |       1 |   4.5
        D:4 |     440 |     745 |  62.9 |      19 |      14 |  42.4
            +---------+---------+-------+---------+---------+-------
